 Dungeon Crawl Stone Soup version 0.25.1-4-g9407a263a5 (webtiles) character file.

Game seed: 5865733790367071642

88 Clowwww the Chopper (level 4, -5/33 HPs)
             Began as a Demonspawn Gladiator on Nov 27, 2020.
             Slain by an orc
             ... wielding a +0 flail
              (9 damage)
             ... on level 3 of the Dungeon.
             The game lasted 00:07:12 (2367 turns).

Clowwww the Chopper (Demonspawn Gladiator)          Turns: 2367, Time: 00:07:13

Health: -5/33      AC:  4    Str: 15    XL:     4   Next: 29%
Magic:  4/4        EV: 13    Int:  9    God:
Gold:   41         SH:  0    Dex: 15    Spells: 3/3 levels left

rFire    . . .     SeeInvis .   a - +0 war axe
rCold    . . .     Gourm    .   (no shield)
rNeg     . . .     Faith    .   b - +0 leather armour
rPois    .         Spirit   .   c - +0 helmet
rElec    .         Reflect  .   (no cloak)
rCorr    .         Harm     .   (no gloves)
MR       .....                  (no boots)
Stlth    +.........             (no amulet)
HPRegen  0.11/turn              (no ring)
MPRegen  0.09/turn              (no ring)

@: no status effects
A: claws 2, rot immunity
a: no special abilities


You were on level 3 of the Dungeon.
You were not hungry.

You visited 1 branch of the dungeon, and saw 3 of its levels.

You collected 41 gold pieces.

Inventory:

Hand Weapons
 a - a +0 war axe (weapon)
Missiles
 d - 2 throwing nets
 l - 4 poisoned darts (quivered)
Armour
 b - a +0 leather armour (worn)
 c - a +0 helmet (worn)
Wands
 k - a wand of paralysis (9)
Scrolls
 e - 4 scrolls of identify {unknown}
 i - a scroll of enchant weapon {unknown}
 q - a scroll of random uselessness {unknown}
 r - a scroll of amnesia {unknown}
Potions
 g - 2 potions of might {unknown}
 h - a potion of ambrosia {unknown}
 j - a potion of invisibility {unknown}
 m - 3 potions of curing {unknown}
 n - a potion of degeneration {unknown}
 o - 2 potions of lignification {unknown}
 p - a potion of heal wounds {unknown}
Comestibles
 f - 6 rations


   Skills:
 + Level 2.2 Fighting
 + Level 3.8 Axes
 + Level 1.9 Throwing
 + Level 1.2 Armour
 + Level 3.1 Dodging
 + Level 0.4 Stealth


You had 3 spell levels left.
You didn't know any spells.
Your spell library was empty.

Dungeon Overview and Level Annotations

Branches:
Dungeon (3/15)

Altars:
Cheibriados


Innate Abilities, Weirdness & Mutations

You have very sharp fingernails.
You are immune to rotting.


Message History

Aim: an orc, wielding a +0 flail (poisoned)
You throw a poisoned dart.
The poisoned dart closely misses the orc.
An orc comes into view. It is wielding a +0 mace.
Throwing (i - inventory. (/) - cycle)
l - 5 poisoned darts (quivered)
Press: ? - help, Shift-Dir - straight line, f - orc, p - orc
Aim: an orc, wielding a +0 mace and wearing a cursed +0 leather armour (wandering, hasn't noticed you)
You throw a poisoned dart.
The poisoned dart barely misses the orc.
You closely miss the orc.
The orc is heavily wounded.
The orc hits you with a +0 flail!
You closely miss the orc.
The orc is heavily wounded.
The orc hits you with a +0 flail!
* * * LOW HITPOINT WARNING * * *
You barely miss the orc.
The orc is severely wounded.
The orc hits you with a +0 flail!
You die...

#############
##.....#.....#####
#................#
..............._.#
.................#
......>......@.###
.............o.#
...............#
.............o.#
#..........(.o##
##........(....###
######.#.........
#)<#(†(...##
#..##......#


You could see 3 orcs.

Vanquished Creatures
  Terence (D:2)
  3 adders
  2 oozes
  An orc (D:3)
  2 goblins
  A hobgoblin (D:2)
  4 kobolds
  A quokka (D:2)
  6 bats
  2 frilled lizards
  7 rats
30 creatures vanquished.

Notes
Turn   | Place    | Note
-------+----------+-------------------------------------------
     0 | D:1      | Clowwww the Demonspawn Gladiator began the quest for the
                  | Orb.
     0 | D:1      | Reached XP level 1. HP: 16/16 MP: 1/1
   960 | D:2      | Gained mutation: You have sharp fingernails. [demonic
                  | ancestry]
   960 | D:2      | Reached XP level 2. HP: 22/22 MP: 2/2
  1388 | D:2      | Noticed Terence
  1403 | D:2      | Killed Terence
  1403 | D:2      | Gained mutation: You have very sharp fingernails. [demonic
                  | ancestry]
  1403 | D:2      | Reached XP level 3. HP: 15/27 MP: 3/3
  1656 | D:2      | Reached skill level 1 in Armour
  2242 | D:3      | Gained mutation: You are immune to rotting. [demonic
                  | ancestry]
  2242 | D:3      | Reached XP level 4. HP: 31/33 MP: 4/4
  2246 | D:3      | Found a snail-covered altar of Cheibriados.
  2367 | D:3      | Slain by an orc

Illustrated notes

Levels and vault maps discovered:
D:1:      onia_arrival_mini_maze, layout_loops_ring
D:2:      layout_loops_cross, uniq_terence
D:3:      layout_rooms, lemuel_doored_altar, zin_statuary, cheibriados_altar_1

Skill      XL: |  1  2  3 |
---------------+----------+-----
Axes           | 3 |  3.8
Dodging        | 3 |  3.1
Armour         | 1 |  1.2
Fighting       | |  2.2
Throwing       | |  1.9
Stealth        | |  0.4

Action                   |  1- 3 |  4- 6 || total
-------------------------+-------+-------++-------
Melee: War axe           |    83 |    20 ||   103
Throw: Boomerang         |     3 |       ||     3
       Throwing net      |     2 |       ||     2
       Dart              |       |     4 ||     4
 Stab: Held in net/web   |     1 |       ||     1
       Sleeping          |     1 |       ||     1
  Eat: Chunk             |     4 |     1 ||     5
Armor: Leather armour    |    19 |     8 ||    27
Dodge: Dodged            |    69 |    13 ||    82
